 Dungeon Crawl Stone Soup version 0.29-a0-923-g6e406bff71 (webtiles) character file.

Game seed: 6012950163113908135

330400 iguanaiguana the Severer (level 21, -10/133 HPs)
             Began as a Gnoll Ice Elementalist on July 27, 2022.
             Was the Champion of Vehumet.
             Killed from afar by a wretched star (14 damage)
             ... with a lance of force
             ... on level 4 of the Abyss on July 28, 2022.
             The game lasted 05:11:26 (18533 turns).

iguanaiguana the Severer (Gnoll Ice Elementalist)  Turns: 18533, Time: 05:11:27

Health: -10/133    AC: 16    Str:  4 (5)  XL:     21   Next: 33%
Magic:  36/40      EV: 21    Int: 33      God:    Vehumet [******]
Gold:   1457       SH: 14    Dex: 18 (19) Spells: 7/51 levels left

rFire   + . .      SeeInvis +   a - +7 demon whip (venom)
rCold   + + +      Faith    .   S - +0 kite shield
rNeg    + + .      Spirit   .   C - +2 robe {Archmagi}
rPois   .          Reflect  .   q - +2 helmet {Int+3}
rElec   +          Harm     .   u - +0 cloak "Caisech" {rC+++ rN++ Str-5 Int+4}
rCorr   .          Rampage  .   k - +0 pair of gloves of Greater Demons {rElec Regen+ Int-4 SInv}
Will    +....      Archmagi +   G - +2 pair of boots {Fly}
Stlth   +++.......              f - amulet of Amorality {rF+ rC+ Regen+}
HPRegen 0.00/turn               r - ring of Beum {Wiz Str+3 Dex+2}
MPRegen 0.27/turn               N - +6 ring of intelligence

@: lethally poisoned (-10 -> -39), on berserk cooldown, flying, inhibited regen,
hasted and slowed, glowing, studying Axes, unable to drink
A: fangs 1, strong nose, distributed training, talons 1, agile 1, no potion heal
1, [deterioration 2], [frail 2], [inhibited regeneration], [subdued magic 2]
}: 3/15 runes: decaying, serpentine, slimy
a: Renounce Religion


You were on level 4 of the Abyss.
You worshipped Vehumet.
Vehumet was exalted by your worship.
You visited 7 branches of the dungeon, and saw 39 of its levels.
You visited the Abyss 1 time.
You also visited: Desolation.

You collected 3333 gold pieces.
You spent 1876 gold pieces at shops.

Inventory:

Hand Weapons
 a - a +7 demon whip of venom (weapon)
Missiles
 l - 3 throwing nets (quivered)
Armour
 k - the +0 pair of gloves of Greater Demons (worn) {rElec Regen+ Int-4 SInv}
   (You acquired it on level 3 of the Swamp)

   Int:       It affects your intelligence (-4).
   rElec:     It insulates you from electricity.
   SInv:      It lets you see invisible.
   Regen:     It increases your rate of health regeneration.
 q - a +2 helmet of intelligence (worn)
 u - the +0 cloak "Caisech" (worn) {rC+++ rN++ Str-5 Int+4}
   (You found it in the Desolation of Salt)

   Str:       It affects your strength (-5).
   Int:       It affects your intelligence (+4).
   rC:        It renders you almost immune to cold.
   rN:        It greatly protects you from negative energy.
 C - a +2 robe of the Archmagi (worn)
 G - a +2 pair of boots of flying (worn)
 S - a +0 kite shield (worn)
Magical Staves
 b - a staff of cold
 x - a staff of conjuration
Jewellery
 e - the ring of Qusakk {Fly rCorr Str+4 Stlth+}
   (You found it on level 2 of the Snake Pit)

   [ring of resist corrosion]

   Str:       It affects your strength (+4).
   Fly:       It grants you flight.
   rCorr:     It protects you from acid and corrosion.
   Stlth:     It makes you more stealthy.
 f - the amulet of Amorality (around neck) {rF+ rC+ Regen+}
   (You found it on level 6 of the Dungeon)

   [amulet of regeneration]

   rF:        It protects you from fire.
   rC:        It protects you from cold.
   Regen:     It increases your rate of health regeneration.
 r - the ring of Beum (left hand) {Wiz Str+3 Dex+2}
   (You bought it in a shop on level 1 of the Vaults)

   [ring of wizardry]

   It improves your spell success rate.
   Str:       It affects your strength (+3).
   Dex:       It affects your dexterity (+2).
 I - a ring of willpower
 M - the ring of Brilliance {*Slow rF+ rC+ Stlth+}
   (You found it in the Desolation of Salt)

   [ring of protection from fire]

   rF:        It protects you from fire.
   rC:        It protects you from cold.
   *Slow:     It may slow you when you take damage.
   Stlth:     It makes you more stealthy.
 N - a +6 ring of intelligence (right hand)
 R - the ring of Urphixa {+Blink rElec rPois EV+4 Int-2}
   (You found it in the Desolation of Salt)

   [ring of evasion]

   EV:        It affects your evasion (+4).
   Int:       It affects your intelligence (-2).
   rElec:     It insulates you from electricity.
   rPois:     It protects you from poison.
   +Blink:    It lets you blink.
Wands
 i - a wand of acid (4) {@v1}
 z - a wand of iceblast (21) {@v2}
 F - a wand of digging (5) {@v3}
 K - a wand of charming (6)
 W - a wand of mindburst (8)
Scrolls
 c - 3 scrolls of immolation
 g - 8 scrolls of magic mapping {@r5}
 j - 6 scrolls of blinking {@r4}
 n - a scroll of poison
 v - 9 scrolls of vulnerability
 w - 4 scrolls of teleportation {@r3}
 A - 5 scrolls of fear
 B - 5 scrolls of butterflies
 J - a scroll of silence
 T - 3 scrolls of summoning
Potions
 d - 2 potions of cancellation
 h - 2 potions of invisibility
 m - 7 potions of heal wounds {@q2}
 o - 2 potions of brilliance
 p - 4 potions of magic
 D - 7 potions of lignification
 E - 4 potions of ambrosia
 O - 3 potions of mutation
 Q - 10 potions of curing {@q1}
 V - 4 potions of resistance {@q5}
 Y - 4 potions of might {@q3}
Miscellaneous
 H - a phial of floods
 P - a tin of tremorstones (2/2)
 U - a phantom mirror
 Z - a condenser vane


   Skills:
 + Level 14.8 Fighting
 + Level 14.8 Short Blades
 + Level 14.8 Long Blades
 + Level 20.0 Axes
 + Level 14.8 Maces & Flails
 + Level 14.8 Polearms
 + Level 14.8 Staves
 + Level 14.8 Ranged Weapons
 + Level 14.8 Throwing
 + Level 14.8 Armour
 + Level 15.4 Dodging
 + Level 15.3 Stealth
 + Level 14.8 Shields
 + Level 14.8 Unarmed Combat
 + Level 15.5 Spellcasting
 + Level 12.6 Conjurations
 + Level 12.6 Hexes
 + Level 12.6 Summonings
 + Level 12.6 Necromancy
 + Level 12.6 Translocations
 + Level 12.6 Transmutations
 + Level 12.6 Fire Magic
 + Level 14.3 Ice Magic
 + Level 12.6 Air Magic
 + Level 12.6 Earth Magic
 + Level 12.6 Poison Magic
 + Level 16.0 Invocations
 + Level 14.8 Evocations


You had 7 spell levels left.
You knew the following spells:

 Your Spells              Type           Power      Damage    Failure   Level
a - Irradiate             Conj/Tmut      40%        3d25      1%          5
b - Iron Shot             Conj/Erth      40%        9d8       1%          6
c - Ozocubu's Armour      Ice            85%        N/A       0%          3
d - Ozocubu's Refrigerat  Ice            42%        4d13      1%          7
e - Ignition              Fire           40%        3d12      10%         8
f - Apportation           Tloc           100%       N/A       0%          1
g - Sublimation of Blood  Necr           80%        N/A       0%          2
h - Passwall              Tmut/Erth      66%        N/A       0%          2
i - Swiftness             Air            80%        N/A       0%          3
j - Passage of Golubria   Tloc           80%        N/A       1%          4
k - Mephitic Cloud        Conj/Pois/Air  80%        N/A       0%          3

Your spell library contained the following spells:

 Spells                   Type           Power      Damage    Failure   Level
 Polar Vortex             Ice            42%        N/A       52%         9
 Chain Lightning          Conj/Air       40%        3d53      73%         9
 Foxfire                  Conj/Fire      100%       2x1d9     0%          1
 Freeze                   Ice            100%       1d11      0%          1
 Sandblast                Erth           100%       2d20      0%          1
 Shock                    Conj/Air       100%       1d9       0%          1
 Conjure Flame            Conj/Fire      80%        6-21      0%          3
 Frozen Ramparts          Ice            100%       1d12      0%          3
 Ignite Poison            Fire/Tmut/Pois 80%        N/A       0%          3
 Inner Flame              Hex/Fire       80%        N/A       0%          3
 Portal Projectile        Hex/Tloc       100%       N/A       0%          3
 Stone Arrow              Conj/Erth      100%       3d13      0%          3
 Tukima's Dance           Hex            80%        N/A       0%          3
 Hailstorm                Conj/Ice       82%        3d17      0%          4
 Summon Ice Beast         Ice/Summ       82%        N/A       0%          4
 Airstrike                Air            40%        0-13+     1%          4
 Animate Armour           Summ/Erth      100%       N/A       1%          4
 Cause Fear               Hex            40%        N/A       1%          4
 Corpse Rot               Necr/Pois/Air  80%        N/A       1%          4
 Flame Wave               Conj/Fire      80%        2d17      1%          4
 Petrify                  Tmut/Erth      80%        N/A       1%          4
 Sticky Flame             Conj/Fire      80%        2d9       1%          4
 Summon Lightning Spire   Summ/Air       80%        N/A       1%          4
 Alistair's Intoxication  Tmut/Pois      53%        N/A       1%          5
 Blade Hands              Tmut           40%        N/A       1%          5
 Fireball                 Conj/Fire      40%        3d16      1%          5
 Freezing Cloud           Conj/Ice/Air   40%        6-21      1%          5
 Summon Mana Viper        Hex/Summ       80%        N/A       1%          5
 Yara's Violent Unravell  Hex/Tmut       40%        3d16      1%          5
 Dispersal                Tloc           40%        N/A       1%          6
 Starburst                Conj/Fire      40%        6d11      1%          6
 Monstrous Menagerie      Summ           40%        N/A       4%          7
 Lehudib's Crystal Spear  Conj/Erth      40%        10d10     10%         8
 Discord                  Hex            40%        N/A       32%         8
 Disjunction              Tloc           40%        N/A       32%         8
 Fire Storm               Conj/Fire      40%        8d10      73%         9


Dungeon Overview and Level Annotations

Branches:
Dungeon (15/15) Zot: 25745    Lair (5/5) D:8 Zot: 25281   Swamp (4/4) Lair:3 Zot: 23024
  Snake (4/4) Lair:3 Zot: 21768   Slime (5/5) Lair:5 Zot: 26327     Orc (2/2) D:11 Zot: 11086
    Elf (0/3) Orc:2        Vaults (4/5) D:13 Zot: 21754   Crypt (0/3) Vaults:2
Desolation (visited)
 Temple: D:4-7       Depths: D:15

Altars:
Kikubaaqudgha
Nemelex Xobeh
Qazlal
Vehumet
Xom
The Shining One
Jiyva

Shops:
D:6 *   D:8 [   Orc:2 ([:(:   Snake:4 *   Vaults:1 =   Vaults:2 [

Portals:
Trove: D:14 (give crystal plate armour of the Invisible Spirits)

Annotations:
D:9 exclusion: upstairs
D:14 Louise


Innate Abilities, Weirdness & Mutations

You have very sharp teeth.
Your uncanny sense of smell can sniff out nearby items.
Your experience applies equally to all skills.
You have sharp toenails.
You are agile. (Dex +4, Str/Int -1)
Potions are less effective at restoring your health.
[Your body often deteriorates upon taking damage.]
[You are very frail. (-20% HP)]
[You do not regenerate when monsters are visible.]
[Your spells are easier to cast, but less powerful.]


Message History

The starcursed mass is moderately damaged.
The guardian serpent is severely wounded.
The wretched star resists.
The wretched star is lightly damaged.
The naga mage is severely wounded.
The ufetubus resists.
You kill the ufetubus!
The naga warrior is moderately wounded.
You kill the naga!
You feel your power returning.
You feel very sick.
The guardian serpent coils itself and waves its upper body at you.
The naga warrior blinks!
The naga mage blinks!
The angel blinks!
A starcursed mass splits.
The wretched star glows turbulently.
The lance of force hits you!!
* * * LOW HITPOINT WARNING * * *
Your body deteriorates!
You feel weakened.
You are knocked back by the lance of force.
You collide with the angel!
The angel is moderately wounded.
* * * LOW HITPOINT WARNING * * *
You cannot drink potions in your current state!
Okay, then.
Blink to where?
Press: ? - help, Dir - move target
As you read the scroll of blinking {@r4}, it crumbles to dust.
You feel very sick. The naga mage spits poison at you.
A wretched star comes into view.
Your magical contamination has completely faded away.
You feel very sick.
The guardian serpent coils itself and waves its upper body at you.
The bolt of poison hits you!!
You are lethally poisoned!
* * * LOW HITPOINT WARNING * * *
Your body deteriorates!
You feel clumsy.
The wretched star glows turbulently.
The lance of force hits you!
You die...

.. ...* . ...# . ##.
...## ..#≈.# #....#..
.##. .≈..# #.............
... .#.≈.#≈..#....... .
..... #.⌠.⌠.##...... ..
... . #.@.##... .. X. . .
####.⌠≈⌠≈##.##....... . .
. #...#≈.≈#..#..... .
.....≈..###≈*S†^.....# .
....≈##.##NA.......# ..
...........).§........
.....#.....#.....#......
#...###†..###...##.......
. ..#.... #..... ... ...


You could see an angel, a naga warrior, 2 wretched stars and a guardian serpent.

Vanquished Creatures
  the Royal Jelly (Slime:5)
  Boris (twice) (Vaults:3 Vaults:4)
  Saint Roka (Vaults:4)
  Vashnia (Snake:3)
  Jory (Vaults:4)
  A bone dragon (Abyss:4)
  A lich (Vaults:4)
  Gastronok (Lair:2)
  15 acid blobs
  A tentacled starspawn (Abyss:4)
  A sphinx (Vaults:1)
  2 fenstrider witches
  6 rockslimes
  5 nagarajas
  An iron dragon (Vaults:4)
  A deep elf sorcerer (Abyss:2)
  7 azure jellies (Slime:5)
  Aizul (Snake:3)
  3 orc warlords
  10 vault wardens
  3 imperial myrmidons (Desolation)
  A war gargoyle (Vaults:4)
  9 very ugly things
  14 ironbound preservers
  9 quicksilver oozes
  2 ironbound thunderhulks (Vaults:4)
  A stone giant (Vaults:4)
  A deep elf demonologist (Vaults:4)
  Nessos (D:13)
  A deep elf annihilator (Vaults:4)
  2 eleionomae
  4 bunyips
  4 dire elephants
  3 crystal guardians (Desolation)
  A shambling mangrove (Swamp:1)
  Josephine (D:10)
  4 ragged hierophants (Desolation)
  10 yaktaur captains
  The ghost of Yogidamonk the Tortoise, a journeyman MiFi of Gozag (Lair:2)
  8 great orbs of eyes
  3 salamander tyrants (Snake:4)
  5 servants of whispers (Desolation)
  3 boulder beetles
  4 vault guards
  6 peacekeepers
  2 ghost crabs
  11 anacondas
  14 hydras
  18 centaur warriors
  8 ironbound frosthearts
  4 two-headed ogres
  10 naga warriors
  4 alligators
  6 death yaks
  14 naga sharpshooters
  A vampire mage (Abyss:4)
  5 deep troll earth magi
  3 shock serpents (Snake:4)
  A deep troll shaman (Vaults:1)
  2 thrashing horrors (Abyss:2)
  3 orc high priests (Orc:2)
  7 salamander mystics
  Amaemon (D:8)
  5 spriggans
  4 skeletal warriors (D:14)
  A flayed ghost (Abyss:2)
  4 spectral hydras (Swamp:4)
  A death drake (Swamp:4)
  2 goliath frogs
  A glowing orange brain (Vaults:4)
  A steelbarb worm (Snake:2)
  3 swamp dragons
  5 spriggan druids
  28 deep trolls
  2 wizards
  A sea snake (Snake:3)
  The ghost of Spectrina the Frost Mage, a novice HuIE of Yredelemnul (D:6)
  3 starcursed masses (Abyss:4)
  13 ironbound convokers
  4 bog bodies
  8 lindwurms
  7 orc knights
  3 shining eyes
  A phantasmal warrior (Swamp:4)
  12 ugly things
  8 mana vipers
  10 naga ritualists
  2 necromancers
  6 orc sorcerers
  A wolf spider (Lair:5)
  4 will-o-the-wisps
  A shadow dragon skeleton (Vaults:3)
  13 salamanders
  4 manticores
  3 cyclopes
  An apocalypse crab (Abyss:4)
  A shining eye (shapeshifter) (D:14)
  10 vault sentinels
  A gargoyle (D:12)
  3 elephants (Lair:2)
  10 naga magi
  An orange demon (D:8)
  An eye of devastation (Slime:5)
  Maggie (Lair:2)
  10 guardian serpents
  29 black mambas
  A large abomination (Abyss:4)
  13 cane toads
  A molten gargoyle (Desolation)
  4 rime drakes
  39 yaktaurs
  A kobold demonologist (D:8)
  4 swamp worm zombies (Swamp:4)
  8 komodo dragons
  An ancient zyme (Abyss:2)
  3 hydra zombies (Swamp:4)
  5 trolls
  4 bloated husks
  21 blink frogs
  12 polar bears
  6 tyrant leeches
  8 hornets
  6 raiju
  A spectral swamp dragon (Swamp:4)
  Prince Ribbit (Lair:2)
  2 alligator zombies (Swamp:4)
  A dream sheep (Snake:4)
  33 saltlings (Desolation)
  64 slime creatures
  5 flying skulls (Abyss:4)
  A shadow (D:11)
  A deep troll skeleton (Vaults:3)
  14 wyverns
  53 yaks
  3 vampires
  10 wraiths
  8 basilisks
  8 humans (D:13)
  3 steam dragons
  A chaos spawn (Abyss:2)
  A neqoxec (Abyss:2)
  A vampire mosquito (D:11)
  3 redbacks (Lair:5)
  A golden eye (Abyss:4)
  27 nagas
  5 wargs
  2 acid dragons
  9 swamp worms
  22 water moccasins
  A floating eye (Slime:5)
  15 hell hounds (Lair:5)
  18 orc warriors
  A swamp dragon zombie (Swamp:4)
  A swamp drake (Swamp:1)
  5 sky beasts
  4 ice beasts
  13 black bears
  5 ogres
  3 small abominations
  23 wolves
  8 centaurs
  4 phantoms
  6 kobold brigands
  A human zombie (Vaults:3)
  12 bullfrogs
  3 scorpions
  A necrophage (D:7)
  2 gnoll sergeants
  A human skeleton (Vaults:3)
  4 wights (D:10)
  8 killer bees
  6 electric eels (D:5)
  14 howler monkeys
  A gnoll bouda (D:6)
  11 orc priests
  3 jellies
  5 iguanas
  21 orc wizards
  A hell rat (Lair:4)
  7 adders
  13 gnolls
  7 white imps
  2 ufetubi
  A worm (D:3)
  3 dart slugs
  55 orcs
  2 bats (D:2)
  4 endoplasms
  4 giant cockroaches
  5 goblins
  7 hobgoblins
  32 kobolds
  5 quokkas
  3 training dummies (Orc:2)
  5 ball pythons
  2 frilled lizards (D:1)
  6 rats
  A butterfly (Lair:2)
  2 starspawn tentacles (Abyss:4)
1291 creatures vanquished.

Vanquished Creatures (collateral kills)
  Nikola (Snake:3)
  A spectral swamp dragon (Swamp:4)
  A phantom (Swamp:4)
  A spectral swamp drake (Swamp:4)
4 creatures vanquished.

Vanquished Creatures (others)
  A black mamba (Snake:3)
  2 bloated husks
  A hydra zombie (Swamp:4)
  A golden eye (Abyss:4)
  A human (D:13)
  A killer bee (D:9)
  An orc wizard (Orc:2)
  A spectral swamp drake (Swamp:4)
  A gnoll (D:6)
  8 foxfires
  24 fungi
  60 plants
  2 starspawn tentacles (Abyss:4)
104 creatures vanquished.

Grand Total: 1399 creatures vanquished

Notes
Turn   | Place    | Note
-------+----------+-------------------------------------------
     0 | D:1      | iguanaiguana the Gnoll Ice Elementalist began the quest for
                  | the Orb.
     0 | D:1      | Reached XP level 1. HP: 13/13 MP: 6/6
    67 | D:1      | Reached XP level 2. HP: 15/19 MP: 1/7
   326 | D:2      | Reached skill level 5 in Spellcasting
   326 | D:2      | Reached XP level 3. HP: 23/25 MP: 3/9
   467 | D:1      | Found a faded altar of an unknown god.
   538 | D:2      | Learned a level 3 spell: Frozen Ramparts
   542 | D:2      | Learned a level 3 spell: Ozocubu's Armour
   572 | D:2      | Reached skill level 1 in Invocations
   606 | D:2      | Reached skill level 1 in Fighting
   606 | D:2      | Reached skill level 1 in Short Blades
   606 | D:2      | Reached skill level 1 in Long Blades
   606 | D:2      | Reached skill level 1 in Axes
   606 | D:2      | Reached skill level 1 in Maces & Flails
   606 | D:2      | Reached skill level 1 in Polearms
   606 | D:2      | Reached skill level 1 in Staves
   606 | D:2      | Reached skill level 1 in Ranged Weapons
   606 | D:2      | Reached skill level 1 in Throwing
   606 | D:2      | Reached skill level 1 in Armour
   606 | D:2      | Reached skill level 1 in Shields
   606 | D:2      | Reached skill level 1 in Unarmed Combat
   606 | D:2      | Reached skill level 1 in Evocations
   750 | D:3      | Noticed a bullfrog
   755 | D:3      | Killed a bullfrog
   756 | D:3      | Reached skill level 1 in Conjurations
   756 | D:3      | Reached skill level 1 in Hexes
   756 | D:3      | Reached skill level 1 in Summonings
   756 | D:3      | Reached skill level 1 in Necromancy
   756 | D:3      | Reached skill level 1 in Translocations
   756 | D:3      | Reached skill level 1 in Transmutations
   756 | D:3      | Reached skill level 1 in Fire Magic
   756 | D:3      | Reached skill level 1 in Air Magic
   756 | D:3      | Reached skill level 1 in Earth Magic
   756 | D:3      | Reached skill level 1 in Poison Magic
   756 | D:3      | Reached XP level 4. HP: 32/32 MP: 2/11
   756 | D:3      | Reached XP level 5. HP: 37/37 MP: 2/12
   842 | D:3      | Identified the +5 dagger of Keisehiu {drain, rF++ rC-}
   959 | D:3      | Found a sparkling altar of Nemelex Xobeh.
  1042 | D:4      | Noticed an ogre
  1058 | D:4      | Killed an ogre
  1059 | D:4      | Reached XP level 6. HP: 29/44 MP: 7/13
  1211 | D:4      | Noticed a steam dragon
  1220 | D:4      | Killed a steam dragon
  1221 | D:4      | Reached skill level 2 in Axes
  1221 | D:4      | Reached skill level 5 in Dodging
  1358 | D:5      | Entered Level 5 of the Dungeon
  1358 | D:5      | Noticed an ice beast
  1382 | D:5      | Reached XP level 7. HP: 51/51 MP: 9/15
  1723 | D:5      | Found a radiant altar of Vehumet.
  1739 | D:5      | Found an ancient bone altar of Kikubaaqudgha.
  1750 | D:5      | Gained mutation: You are agile. (Dex +4, Str/Int -1)
                  | [potion of mutation]
  1750 | D:5      | Gained mutation: Potions are less effective at restoring
                  | your health. [potion of mutation]
  1750 | D:5      | Gained mutation: You have sharp toenails. [potion of
                  | mutation]
  1754 | D:5      | Identified a scroll of acquirement
  1754 | D:5      | Acquired the Tome of Destructive Poisoning
  1871 | D:5      | Reached skill level 5 in Stealth
  1965 | D:5      | Became a worshipper of Vehumet
  2219 | D:6      | Identified the amulet of Amorality {rF+ rC+ Regen+}
  2246 | D:6      | Reached skill level 3 in Axes
  2246 | D:6      | Reached XP level 8. HP: 58/58 MP: 12/16
  2487 | D:6      | Found Cuqem's Gadget Gallery.
  2518 | D:6      | Bought a wand of iceblast (1) for 24 gold pieces
  2518 | D:6      | Bought a wand of charming (2) for 48 gold pieces
  2595 | D:6      | You fall into a shaft and drop 3 floors!
  2656 | D:9      | Reached XP level 9. HP: 65/65 MP: 3/18
  2676 | D:8      | Noticed an orange demon
  2707 | D:9      | Noticed a hornet
  2773 | D:9      | Reached * piety under Vehumet
  2773 | D:9      | Offered knowledge of Shock by Vehumet.
  3011 | D:7      | Reached skill level 4 in Axes
  3044 | D:8      | Noticed a two-headed ogre
  3138 | D:7      | Noticed a four-headed hydra
  3184 | D:7      | Noticed a hornet
  3300 | D:6      | Found a shimmering altar of Xom.
  3402 | D:7      | Killed a hornet
  3404 | D:7      | Reached skill level 5 in Axes
  3404 | D:7      | Reached skill level 5 in Invocations
  3553 | D:8      | Found a staircase to the Lair.
  3635 | D:8      | Noticed a hornet
  3640 | D:8      | Killed a hornet
  3673 | D:8      | Reached skill level 5 in Fighting
  3673 | D:8      | Reached skill level 5 in Short Blades
  3673 | D:8      | Reached skill level 5 in Long Blades
  3673 | D:8      | Reached skill level 6 in Axes
  3673 | D:8      | Reached skill level 5 in Maces & Flails
  3673 | D:8      | Reached skill level 5 in Polearms
  3673 | D:8      | Reached skill level 5 in Staves
  3673 | D:8      | Reached skill level 5 in Ranged Weapons
  3673 | D:8      | Reached skill level 5 in Throwing
  3673 | D:8      | Reached skill level 5 in Armour
  3673 | D:8      | Reached skill level 5 in Shields
  3673 | D:8      | Reached skill level 5 in Unarmed Combat
  3673 | D:8      | Reached skill level 5 in Evocations
  3673 | D:8      | Reached XP level 10. HP: 63/74 MP: 6/20
  3690 | D:8      | Reached ** piety under Vehumet
  3690 | D:8      | Offered knowledge of Foxfire by Vehumet.
  3696 | D:8      | Found Etureadu's Armour Emporium.
  3778 | D:9      | Noticed a kobold demonologist
  3788 | D:8      | Killed a kobold demonologist
  3928 | D:9      | Learned a level 4 spell: Sticky Flame
  4157 | D:9      | Offered knowledge of Scorch by Vehumet.
  4183 | D:10     | Entered Level 10 of the Dungeon
  4447 | D:10     | Reached skill level 7 in Axes
  4533 | D:10     | Reached *** piety under Vehumet
  4719 | D:10     | Reached skill level 5 in Conjurations
  4719 | D:10     | Reached skill level 5 in Hexes
  4719 | D:10     | Reached skill level 5 in Summonings
  4719 | D:10     | Reached skill level 5 in Necromancy
  4719 | D:10     | Reached skill level 5 in Translocations
  4719 | D:10     | Reached skill level 5 in Transmutations
  4719 | D:10     | Reached skill level 5 in Fire Magic
  4719 | D:10     | Reached skill level 5 in Air Magic
  4719 | D:10     | Reached skill level 5 in Earth Magic
  4719 | D:10     | Reached skill level 5 in Poison Magic
  4719 | D:10     | Reached XP level 11. HP: 81/81 MP: 16/22
  4950 | D:9      | Found a glowing golden altar of the Shining One.
  5036 | D:8      | Offered knowledge of Flame Wave by Vehumet.
  5038 | D:8      | Noticed Amaemon
  5052 | D:8      | Killed Amaemon
  5053 | D:8      | Reached skill level 8 in Axes
  5065 | D:8      | Killed a two-headed ogre
  5246 | D:8      | Learned a level 5 spell: Freezing Cloud
  5252 | D:8      | Learned a level 5 spell: Fireball
  5258 | D:8      | Learned a level 5 spell: Irradiate
  5381 | D:11     | Noticed a two-headed ogre
  5393 | D:11     | Killed a two-headed ogre
  5398 | D:11     | Noticed a six-headed hydra
  5403 | D:11     | Killed a six-headed hydra
  5520 | D:11     | Noticed a cyan ugly thing
  5529 | D:11     | Killed a cyan ugly thing
  5537 | D:11     | Noticed a four-headed hydra
  5542 | D:11     | Killed a four-headed hydra
  5543 | D:11     | Reached skill level 9 in Axes
  5576 | D:11     | Noticed a manticore
  5591 | D:11     | Killed a manticore
  5657 | D:11     | Noticed a two-headed ogre
  5680 | D:11     | Killed a two-headed ogre
  5681 | D:11     | Reached XP level 12. HP: 83/91 MP: 4/24
  5783 | D:11     | Noticed a boulder beetle
  5794 | D:11     | Killed a boulder beetle
  5798 | D:11     | Found a staircase to the Orcish Mines.
  5812 | Orc:1    | Entered Level 1 of the Orcish Mines
  5837 | Orc:1    | Reached **** piety under Vehumet
  5854 | Orc:1    | Offered knowledge of Mephitic Cloud by Vehumet.
  5859 | Orc:1    | Learned a level 3 spell: Mephitic Cloud
  6012 | Orc:2    | Entered Level 2 of the Orcish Mines
  6056 | Orc:2    | Found Fyr Ajuy's Firing Range.
  6168 | Orc:2    | Noticed an orc high priest
  6168 | Orc:2    | Noticed an orc high priest
  6168 | Orc:2    | Noticed an orc high priest
  6172 | Orc:2    | Killed an orc high priest
  6176 | Orc:2    | Noticed a soul eater
  6176 | Orc:2    | Killed an orc high priest
  6177 | Orc:2    | Killed an orc high priest
  6178 | Orc:2    | Reached skill level 10 in Axes
  6476 | Orc:2    | Paralysed by an orc sorcerer for 2 turns
  6480 | Orc:2    | Found Qajoq's Book Shop.
  6480 | Orc:2    | Found Zoifeqy's Antique Armour Shop.
  6481 | Orc:2    | Found Tyucit's Antique Weapon Emporium.
  6481 | Orc:2    | Found Emyli's Book Emporium.
  6493 | Orc:2    | Bought a pair of embroidered boots for 157 gold pieces
  6501 | Orc:2    | Upgraded the game from 0.29-a0-919-gd064cfad1c to
                  | 0.29-a0-923-g6e406bff71
  6521 | Orc:2    | Bought a book of Air for 308 gold pieces
  6521 | Orc:2    | Bought a book of Geomancy for 252 gold pieces
  6575 | Orc:2    | Found a staircase to the Elven Halls.
  6577 | Orc:2    | Reached ***** piety under Vehumet
  6577 | Orc:2    | Offered knowledge of Fulminant Prism by Vehumet.
  6656 | Orc:1    | Learned a level 2 spell: Passwall
  6809 | D:12     | Noticed a five-headed hydra
  6819 | D:11     | Reached XP level 13. HP: 71/98 MP: 21/26
  6918 | D:12     | Identified the +2 robe "Enucofuf" {rC- Int+3 Slay+5}
  6922 | D:12     | Reached skill level 10 in Ice Magic
  6932 | D:12     | Reached skill level 11 in Axes
  7137 | D:13     | Learned a level 2 spell: Sublimation of Blood
  7141 | D:13     | Learned a level 3 spell: Swiftness
  7374 | D:14     | Reached skill level 10 in Spellcasting
  7493 | D:15     | Entered Level 15 of the Dungeon
  7650 | D:14     | Found a portal to a secret trove of treasure.
  7651 | D:14     | Noticed Louise
  7817 | D:10     | Noticed Josephine
  7822 | D:10     | Reached skill level 10 in Dodging
  7823 | D:10     | Killed Josephine
  8132 | D:7      | Reached skill level 12 in Axes
  8132 | D:7      | Reached skill level 10 in Stealth
  8460 | D:6      | Found a runed translucent door.
  8460 | D:6      | Noticed Spectrina's ghost (novice HuIE)
  8478 | D:6      | Killed Spectrina's ghost
  8573 | Lair:1   | Entered Level 1 of the Lair of Beasts
  8619 | Lair:2   | Noticed Gastronok
  8630 | Lair:2   | Killed Gastronok
  8631 | Lair:2   | Reached skill level 10 in Invocations
  8631 | Lair:2   | Reached XP level 14. HP: 89/108 MP: 19/28
  8633 | Lair:2   | Noticed Maggie
  8641 | Lair:2   | Killed Maggie
  8701 | Lair:2   | Offered knowledge of Olgreb's Toxic Radiance by Vehumet.
  8849 | Lair:3   | Found a staircase to the Snake Pit.
  8961 | Lair:2   | Found a runed translucent door.
  8962 | Lair:2   | Noticed Yogidamonk's ghost (journeyman MiFi)
  8966 | Lair:2   | Noticed Prince Ribbit
  8970 | Lair:2   | Killed Prince Ribbit
  9016 | Lair:2   | Killed Yogidamonk's ghost
  9429 | Lair:4   | Noticed a dire elephant
  9437 | Lair:4   | Killed a dire elephant
  9438 | Lair:4   | Reached skill level 13 in Axes
  9597 | Lair:5   | Entered Level 5 of the Lair of Beasts
  9695 | Lair:5   | Reached skill level 10 in Fighting
  9695 | Lair:5   | Reached skill level 10 in Short Blades
  9695 | Lair:5   | Reached skill level 10 in Long Blades
  9695 | Lair:5   | Reached skill level 10 in Maces & Flails
  9695 | Lair:5   | Reached skill level 10 in Polearms
  9695 | Lair:5   | Reached skill level 10 in Staves
  9695 | Lair:5   | Reached skill level 10 in Ranged Weapons
  9695 | Lair:5   | Reached skill level 10 in Throwing
  9695 | Lair:5   | Reached skill level 10 in Armour
  9695 | Lair:5   | Reached skill level 10 in Shields
  9695 | Lair:5   | Reached skill level 10 in Unarmed Combat
  9695 | Lair:5   | Reached skill level 10 in Evocations
  9743 | Lair:5   | Reached ****** piety under Vehumet
  9766 | Lair:5   | Reached XP level 15. HP: 110/115 MP: 28/30
  9814 | Lair:5   | Offered knowledge of Lee's Rapid Deconstruction by Vehumet.
  9859 | Lair:5   | Found a viscous altar of Jiyva.
  9859 | Lair:5   | Found a staircase to the Slime Pits.
 10343 | Lair:5   | Reached skill level 14 in Axes
 10463 | Lair:5   | Offered knowledge of Conjure Ball Lightning by Vehumet.
 10761 | Lair:3   | Found a staircase to the Swamp.
 10810 | Swamp:1  | Entered Level 1 of the Swamp
 10853 | Snake:1  | Entered Level 1 of the Snake Pit
 10966 | Snake:2  | You are sucked into a shaft and drop 1 floor!
 10973 | Snake:3  | Noticed Vashnia
 10981 | Snake:3  | Noticed a nagaraja
 10987 | Snake:3  | Killed a nagaraja
 10988 | Snake:3  | Reached XP level 16. HP: 48/124 MP: 29/32
 11059 | Snake:3  | Noticed Aizul
 11072 | Snake:3  | Killed Aizul
 11263 | Snake:2  | Offered knowledge of Lightning Bolt by Vehumet.
 11268 | Snake:2  | Noticed a nagaraja
 11300 | Snake:2  | Killed a nagaraja
 11311 | Snake:2  | Identified the ring of Qusakk {Fly rCorr Str+4 Stlth+}
 11336 | Snake:2  | Learned a level 4 spell: Passage of Golubria
 11391 | Snake:4  | Entered Level 4 of the Snake Pit
 11395 | Snake:4  | Reached skill level 15 in Axes
 11563 | Snake:4  | Found Ilotism's General Store.
 11661 | Snake:3  | Noticed Nikola
 11946 | Snake:4  | Learned a level 6 spell: Iron Shot
 12136 | Snake:4  | Noticed a nagaraja
 12144 | Snake:4  | Killed a nagaraja
 12280 | Snake:4  | Reached XP level 17. HP: 122/133 MP: 9/33
 12383 | Snake:4  | Reached skill level 10 in Conjurations
 12383 | Snake:4  | Reached skill level 10 in Hexes
 12383 | Snake:4  | Reached skill level 10 in Summonings
 12383 | Snake:4  | Reached skill level 10 in Necromancy
 12383 | Snake:4  | Reached skill level 10 in Translocations
 12383 | Snake:4  | Reached skill level 10 in Transmutations
 12383 | Snake:4  | Reached skill level 10 in Fire Magic
 12383 | Snake:4  | Reached skill level 10 in Air Magic
 12383 | Snake:4  | Reached skill level 10 in Earth Magic
 12383 | Snake:4  | Reached skill level 10 in Poison Magic
 12454 | Snake:4  | Reached skill level 16 in Axes
 12468 | Snake:4  | Offered knowledge of Ozocubu's Refrigeration by Vehumet.
 12478 | Snake:4  | Learned a level 7 spell: Ozocubu's Refrigeration
 12489 | Snake:4  | Got a serpentine rune of Zot
 12763 | Snake:3  | Killed Nikola
 12802 | Snake:3  | Killed Vashnia
 13181 | Lair:5   | Found a stormy altar of Qazlal.
 13312 | Swamp:1  | Identified the +1 pair of gloves of Pasuvin {Dex+3 SInv}
 13611 | Swamp:4  | Entered Level 4 of the Swamp
 13717 | Swamp:3  | Acquired the +0 pair of gloves of Greater Demons {rElec
                  | Regen+ Int-4 SInv}
 13924 | Swamp:4  | Learned a level 1 spell: Apportation
 13972 | Swamp:4  | Reached XP level 18. HP: 79/141 MP: 7/35
 13982 | Swamp:4  | Offered knowledge of Ignition by Vehumet.
 14101 | Swamp:4  | Noticed a bone dragon
 14103 | Swamp:4  | Got a decaying rune of Zot
 14335 | Lair:2   | Reached skill level 17 in Axes
 14514 | Slime:1  | Entered Level 1 of the Pits of Slime
 14608 | Slime:5  | Entered Level 5 of the Pits of Slime
 14710 | Slime:5  | Found a viscous altar of Jiyva.
 14824 | Slime:5  | Paralysed by a great orb of eyes for 5 turns
 14907 | Slime:5  | Noticed the Royal Jelly
 14912 | Slime:5  | Offered knowledge of Fire Storm by Vehumet.
 14912 | Slime:5  | Offered knowledge of Chain Lightning by Vehumet.
 14912 | Slime:5  | Offered knowledge of Polar Vortex by Vehumet.
 15127 | Slime:5  | Killed the Royal Jelly
 15193 | Slime:5  | Identified the +8 scale mail of Lucidity {rElec rF+}
 15194 | Slime:5  | Got a slimy rune of Zot
 15204 | Slime:5  | Identified the +6 spear of Instinct {elec, rPois Str+3
                  | Dex+3}
 15205 | Slime:5  | Identified the +2 robe of a sewer {Harm rC- rN+++}
 15349 | Lair:5   | Identified the +10 dagger "Disaoloc" {venom, SInv}
 15518 | D:13     | Noticed Nessos
 15520 | D:13     | Killed Nessos
 15594 | D:13     | Found a gate to the Vaults.
 15609 | Vaults:1 | Entered Level 1 of the Vaults
 15759 | Vaults:1 | Found Atunont's Jewellery Shop.
 15764 | Vaults:1 | Reached XP level 19. HP: 149/149 MP: 26/37
 15767 | Vaults:1 | Bought the ring of Beum {Wiz Str+3 Dex+2} for 712 gold
                  | pieces
 15767 | Vaults:1 | Bought a ring of willpower for 375 gold pieces
 15901 | Vaults:1 | Reached skill level 18 in Axes
 16253 | Vaults:2 | Found Qileu's Armour Shoppe.
 16343 | Vaults:2 | Found a crumbling gateway.
 16343 | Vaults:2 | You are sucked into a shaft and drop 1 floor!
 16344 | Vaults:3 | Noticed Boris
 16501 | Desolati | Entered the Desolation of Salt
 16541 | Desolati | Reached skill level 15 in Invocations
 16601 | Desolati | Identified the +0 cloak "Caisech" {rC+++ rN++ Str-5 Int+4}
 16605 | Desolati | Identified the ring of Ixzumomnot {*Corrode rElec rF+ Dex+6
                  | Slay+4}
 16611 | Desolati | Got the Atlas of Gathered Pyromania
 16648 | Desolati | Reached XP level 20. HP: 142/158 MP: 20/38
 16663 | Desolati | Identified the ring of Brilliance {*Slow rF+ rC+ Stlth+}
 16665 | Desolati | Identified the ring of Urphixa {+Blink rElec rPois EV+4
                  | Int-2}
 16740 | Desolati | Got the Handbook of Unholy Liturgies and Blasts
 16793 | Desolati | Identified the +5 ice dragon scales of Ubiquitous Liberty
                  | {rElec rF- rC++ Regen+ Str+6 Int-3}
 16795 | Desolati | Got the Codex of Embers
 16949 | Vaults:2 | Learned a level 8 spell: Ignition
 17016 | Vaults:2 | Reached skill level 19 in Axes
 17165 | Vaults:3 | Killed Boris
 17166 | Vaults:3 | Reached skill level 15 in Spellcasting
 17369 | Vaults:4 | Reached skill level 15 in Dodging
 17607 | Vaults:4 | Reached skill level 15 in Stealth
 17679 | Vaults:4 | Noticed Saint Roka
 17689 | Vaults:4 | Killed Saint Roka
 17710 | Vaults:4 | Noticed Jory
 17744 | Vaults:4 | Killed Jory
 17780 | Vaults:4 | Noticed Boris
 17788 | Vaults:4 | Killed Boris
 17817 | Vaults:4 | Reached XP level 21. HP: 134/166 MP: 25/40
 18311 | Abyss:2  | Cast into level 2 of the Abyss (a wizard)
 18463 | Abyss:4  | Noticed a bone dragon
 18473 | Abyss:4  | Killed a bone dragon
 18483 | Abyss:4  | Reached skill level 20 in Axes
 18533 | Abyss:4  | HP: 4/133 [guardian serpent/bolt of poison (21)]
 18533 | Abyss:4  | Killed from afar by a wretched star

Illustrated notes

Levels and vault maps discovered:
D:1:      nicolae_arrival_memento_mori, layout_loops_corners,
          dreamdust_ecumenical_altar_hidden_monk_grotto
D:2:      layout_rooms
D:3:      layout_basic, nemelex_spade_bored_becter
D:4:      layout_layer_cave, minmay_statues_item
D:5:      cheibrodos_two_vegetables, layout_loops_ring,
          nicolae_overflow_squiral, makhleb_altar_promises_db,
          minmay_temple_entry_large_hall, grunt_decor_arrowhead
D:6:      hellmonk_destroyed_diamonds, layout_basic, tgw_xom,
          ebering_ghost_sewer_d, nicolae_shop_gadgets
D:7:      nzn_winding_woodlands_cross [nzn_winding_woodlands_5x15_sawtooth,
          nzn_winding_woodlands_5x15_pathside_ponds,
          nzn_winding_woodlands_5x15_parted, nzn_winding_woodlands_5x15_crooked,
          nzn_winding_woodlands_15x15_thick_spiral], layout_rooms,
          due_unseen_surprise
D:8:      layout_loops_ring, lair_entry_dummy, serial_shops,
          nicolae_shop_temple_entry_statues_fountains, uniq_amaemon
D:9:      layout_basic, mainiacjoe_overflow_small_starburst
D:10:     layout_roguey, kennysheep_mini, minmay_misc_feat_doors, uniq_josephine
D:11:     minmay_ornate_pinched, layout_loops_cross, minmay_increasing_density
D:12:     layout_big_octagon
D:13:     layout_stronghold, ximxim_vaults_locker_room, minmay_fire_ice_demons,
          uniq_urug, uniq_nessos
D:14:     layout_gridville, dreamdust_mushroom_princess, gammafunk_ghost_arena,
          nicolae_trove_entry_free_sample, serial_shops,
          nicolae_inconvenience_store, uniq_jorgrun, uniq_louise
D:15:     grunt_enter_depths_magical_seal, layout_rooms,
          minmay_misc_feat_hallway, minmay_radiant, uniq_azrael
Lair:1:   layout_roguey, uniq_fannar
Lair:2:   layout_regular_city, gammafunk_ghost_grave, lemuel_fruit_fields,
          lemuel_fruit_fields, uniq_prince_ribbit2, uniq_maggie, uniq_gastronok
Lair:3:   layout_big_grid, minmay_swamp_entry_worms, dummy_snake_entry,
          grunt_megastairs_1, infiniplex_staircase_pool
Lair:4:   layout_hall_layers, nicolae_lair_lakeside_cave
Lair:5:   hangedman_lair_tendril_chambers, layout_regular_city,
          hangedman_lair_caniforms_friends, minmay_slime_entry_pillars,
          chequers_serial_rivers_micro_c, lemuel_centaur_altar,
          lemuel_fruit_tree
Swamp:1:  layout_basic_swamp, hangedman_swamp_pad, swamp_pool1
Swamp:2:  layout_basic_swamp, evilmike_swamp_ruin_rubble_2
Swamp:3:  layout_basic_swamp, gammafunk_ghost_hydra_chop,
          evilmike_swamp_ruin_house_6, swamp_pool1
Swamp:4:  swamp_pestilence, layout_basic_swamp, swamp_pool1,
          nicolae_swamp_trees_clearing
Snake:1:  layout_basic, serial_bayou_pond_c, nicolae_shop_overcharged_wands
Snake:2:  layout_basic, nrook_guardian_serpent_double
Snake:3:  layout_cave_pods, uniq_vashnia, uniq_nikola, uniq_aizul, uniq_roxanne
Snake:4:  snake_pit_salamanders_mu, layout_misc_corridors,
          nicolae_specific_store, st_stairs_3
Slime:1:  layout_caves
Slime:2:  layout_caves, nicolae_slime_barrier
Slime:3:  layout_caves
Slime:4:  layout_caves
Slime:5
Orc:1:    layout_diamond_mine
Orc:2:    st_orc_elflike, layout_diamond_mine, nicolae_shop_firing_range
Vaults:1: v_misc_14, ontoclasm_vaults_shuriken, v_misc_23,
          nicolae_vaults_fighting_squares, vaults_room_door_ring,
          vaults_room_pool, vaults_dpeg_encased_lava,
          nicolae_vaults_network_periphery, nicolae_vaults_little_squares_4,
          ontoclasm_vaults_loading_screen, grunt_vaults_focal, v_misc_26,
          layout_vaults_big_room, serial_shops, shop
Vaults:2: portal_desolation_entry_twin_temple, v_rooms_3,
          dpeg_vaults_monster_row, v_misc_25, ontoclasm_vaults_ring_large,
          nicolae_vaults_yaktaur_gun_rack, hangedman_vaults_trim,
          nicolae_vaults_shelves_hall, minmay_crypt_entry_skeletal_spiral,
          hangedman_vaults_stitches, ontoclasm_vaults_shout,
          vaults_room_hallway, vaults_dpeg_hooks, layout_vaults_big_cross,
          serial_shops, nicolae_lakefront_shop
Vaults:3: grunt_vaults_hallway_short, ontoclasm_vaults_spin,
          nicolae_vaults_specimen_jars, v_misc_14, st_cross, v_rooms_6,
          layout_vaults_quadrants, uniq_margery, uniq_boris
Vaults:4: vaults_mumra_chevron_long, ontoclasm_vaults_idyll, v_rooms_2,
          ontoclasm_vaults_misaligned, v_misc_12, nicolae_vaults_back_hallway,
          v_alt_pattern_3, grunt_vaults_twisty, v_misc_22,
          vaults_room_glass_cross, v_misc_31, dpeg_vaults_monster_box,
          layout_vaults_ring, uniq_jory, uniq_saint_roka
Abyss:4:  base: Swamp:3, hangedman_abyss_exit_choices, evilmike_abyss_exit_17,
          evilmike_abyss_exit_17, nicolae_abyss_rune_star_stuff

Skill      XL: |  1  2  3  4  5  6  7  8  9 10 11 12 13 14 15 16 17 18 19 20 21 |
---------------+----------------------------------------------------------------+-----
Spellcasting   | 5 6 7 8 9 10 11 12 13 14 15 | 15.5
Invocations    | 1 2 3 4 5 6 7 8 10 11 12 13 14 15 16 | 16.0
Fighting       | 1 2 3 5 6 7 8 9 10 11 12 13 14 | 14.8
Short Blades   | 1 2 3 5 6 7 8 9 10 11 12 13 14 | 14.8
Long Blades    | 1 2 3 5 6 7 8 9 10 11 12 13 14 | 14.8
Axes           | 1 2 3 6 7 9 10 12 13 14 15 16 17 18 19 20 | 20.0
Maces & Flails | 1 2 3 5 6 7 8 9 10 11 12 13 14 | 14.8
Polearms       | 1 2 3 5 6 7 8 9 10 11 12 13 14 | 14.8
Staves         | 1 2 3 5 6 7 8 9 10 11 12 13 14 | 14.8
Ranged Weapons | 1 2 3 5 6 7 8 9 10 11 12 13 14 | 14.8
Throwing       | 1 2 3 5 6 7 8 9 10 11 12 13 14 | 14.8
Armour         | 1 2 3 5 6 7 8 9 10 11 12 13 14 | 14.8
Shields        | 1 2 3 5 6 7 8 9 10 11 12 13 14 | 14.8
Unarmed Combat | 1 2 3 5 6 7 8 9 10 11 12 13 14 | 14.8
Evocations     | 1 2 3 5 6 7 8 9 10 11 12 13 14 | 14.8
Conjurations   | 1 2 3 4 5 6 7 8 9 10 11 12 | 12.6
Hexes          | 1 2 3 4 5 6 7 8 9 10 11 12 | 12.6
Summonings     | 1 2 3 4 5 6 7 8 9 10 11 12 | 12.6
Necromancy     | 1 2 3 4 5 6 7 8 9 10 11 12 | 12.6
Translocations | 1 2 3 4 5 6 7 8 9 10 11 12 | 12.6
Transmutations | 1 2 3 4 5 6 7 8 9 10 11 12 | 12.6
Fire Magic     | 1 2 3 4 5 6 7 8 9 10 11 12 | 12.6
Air Magic      | 1 2 3 4 5 6 7 8 9 10 11 12 | 12.6
Earth Magic    | 1 2 3 4 5 6 7 8 9 10 11 12 | 12.6
Poison Magic   | 1 2 3 4 5 6 7 8 9 10 11 12 | 12.6
Dodging        | 5 6 7 8 9 10 11 12 13 14 15 | 15.4
Stealth        | 5 6 7 8 9 10 11 12 13 14 15 | 15.3
Ice Magic      | 8 9 10 11 12 13 14 | 14.3

Action                   |  1- 3 |  4- 6 |  7- 9 | 10-12 | 13-15 | 16-18 | 19-21 || total
-------------------------+-------+-------+-------+-------+-------+-------+-------++-------
Melee: Bite              |     1 |     2 |    15 |    42 |    55 |    15 |     4 ||   134
       Unarmed           |     1 |       |       |       |       |       |       ||     1
       Dagger            |     2 |    13 |    74 |    58 |       |       |       ||   147
       Kick              |       |       |    35 |   114 |       |       |       ||   149
       Punch             |       |       |     2 |    16 |    39 |     7 |       ||    64
       Spear             |       |       |    24 |    93 |       |       |       ||   117
       Demon whip        |       |       |       |   171 |   369 |    78 |     7 ||   625
       Staff             |       |       |       |       |     7 |     6 |     9 ||    22
Throw: Dart              |       |     3 |    12 |    21 |    12 |       |       ||    48
       Boomerang         |       |       |     1 |     4 |       |       |       ||     5
       Throwing net      |       |       |     1 |     2 |       |       |       ||     3
 Cast: Freeze            |    50 |    16 |     7 |       |       |       |       ||    73
       Frozen Ramparts   |     2 |     7 |    41 |    42 |     4 |     9 |       ||   105
       Ozocubu's Armour  |     2 |     5 |    24 |    30 |     5 |    34 |     4 ||   104
       Sticky Flame      |       |       |       |     7 |       |       |       ||     7
       Fireball          |       |       |       |     9 |    75 |    37 |       ||   121
       Irradiate         |       |       |       |    14 |    69 |    68 |    43 ||   194
       Freezing Cloud    |       |       |       |     7 |   140 |    66 |       ||   213
       Mephitic Cloud    |       |       |       |     9 |    11 |     5 |     1 ||    26
       Passwall          |       |       |       |       |    35 |    11 |     1 ||    47
       Sublimation of Bl |       |       |       |       |    63 |   161 |    95 ||   319
       Iron Shot         |       |       |       |       |       |   103 |    88 ||   191
       Passage of Golubr |       |       |       |       |       |    28 |     4 ||    32
       Ozocubu's Refrige |       |       |       |       |       |   140 |   169 ||   309
       Apportation       |       |       |       |       |       |    32 |       ||    32
       Swiftness         |       |       |       |       |       |     2 |       ||     2
       Ignition          |       |       |       |       |       |       |     3 ||     3
Evoke: Wand              |       |       |     4 |     9 |     4 |    28 |     1 ||    46
       Condenser vane    |       |       |       |       |     1 |     3 |     1 ||     5
       Tin of tremorston |       |       |       |       |     2 |     1 |       ||     3
       Phial of floods   |       |       |       |       |       |       |     1 ||     1
       Phantom mirror    |       |       |       |       |       |       |     1 ||     1
  Use: Scroll            |     1 |       |    13 |    11 |    11 |    11 |     6 ||    53
       Potion            |       |       |     5 |     1 |     1 |     3 |     3 ||    13
 Stab: Sleeping          |     1 |     2 |     2 |     5 |     3 |       |     1 ||    14
       Confused          |       |       |       |     5 |     5 |       |       ||    10
       Distracted        |       |       |       |       |     2 |     2 |       ||     4
Armor: Ring mail         |     7 |    11 |    58 |    33 |       |       |       ||   109
       Robe              |     4 |       |       |    74 |    27 |     9 |    30 ||   144
       Swamp dragon scal |       |       |       |       |   134 |   156 |       ||   290
Dodge: Dodged            |    20 |    12 |    85 |   209 |   260 |   209 |    89 ||   884
Block: Kite shield       |       |       |       |       |       |    17 |   107 ||   124

Table legend: (Time is in decaauts)
 A = Elapsed time spent in this place.
 B = Non-inter-level travel time spent in this place.
 C = Inter-level travel time spent in this place.
 D = Time resting spent in this place.
 E = Time spent auto-exploring this place.
 F = Levels seen in this place.
 G = Mean time per level.
                   A        B        C        D        E       F      G
               +--------+--------+--------+--------+--------+-----+--------+
         Total |  18253 |   9214 |   9039 |     59 |      0 |  43 |  424.5 |
       Dungeon |   7725 |   3080 |   4645 |     21 |      0 |  15 |  515.0 |
          Lair |   2711 |   1299 |   1412 |      0 |      0 |   5 |  542.2 |
         Swamp |    975 |    759 |    216 |      0 |      0 |   4 |  243.8 |
     Snake Pit |   2231 |   1585 |    646 |     38 |      0 |   4 |  557.8 |
    Slime Pits |    765 |    536 |    229 |      0 |      0 |   5 |  153.0 |
  Orcish Mines |    913 |    341 |    572 |      0 |      0 |   2 |  456.5 |
        Vaults |   2244 |    925 |   1319 |      0 |      0 |   4 |  561.0 |
         Abyss |    257 |    257 |      0 |      0 |      0 |   3 |   85.7 |
    Desolation |    428 |    428 |      0 |      0 |      0 |   1 |  428.0 |
               +--------+--------+--------+--------+--------+-----+--------+

Top non-repeatable levels by time:
  Lair:5: 1073 daAuts
 Snake:4: 937 daAuts
Vaults:4: 915 daAuts
     D:9: 812 daAuts
 Snake:3: 811 daAuts
     D:6: 790 daAuts
    D:10: 784 daAuts
     D:7: 748 daAuts
     D:8: 720 daAuts
     D:4: 719 daAuts
Vaults:1: 656 daAuts
 Slime:5: 617 daAuts
    D:11: 533 daAuts
     D:5: 532 daAuts
  Lair:3: 522 daAuts
